 Dungeon Crawl Stone Soup version 0.29.1-12-g30fa7ad0bf (webtiles) character file.

Game seed: 4495210326955388963

66 safid the Shooter (level 3, -3/33 HPs)
             Began as a Minotaur Hunter on Dec 14, 2022.
             Slain by a white imp (5 damage)
             ... on level 3 of the Dungeon.
             The game lasted 00:03:12 (1533 turns).

safid the Shooter (Minotaur Hunter)                 Turns: 1533, Time: 00:03:13

Health: -3/33      AC:  4    Str: 15    XL:     3   Next: 96%
Magic:  2/2        EV: 12    Int:  6    God:
Gold:   137        SH:  0    Dex: 15    Spells: 2/2 levels left

rFire   . . .      SeeInvis .   a - +0 shortbow
rCold   . . .      Faith    .   (shield currently unavailable)
rNeg    . . .      Spirit   .   c - +0 leather armour
rPois   +          Reflect  .   (helmet restricted)
rElec   .          Harm     .   (no cloak)
rCorr   .          Rampage  .   k - +0 pair of gloves
Will    .....                   (no boots)
Stlth   +.........              (no amulet)
HPRegen 0.11/turn               l - ring of poison resistance
MPRegen 0.08/turn               (no ring)

@: no status effects
A: horns 2, retaliatory headbutt
a: no special abilities


You were on level 3 of the Dungeon.
You visited 1 branch of the dungeon, and saw 3 of its levels.

You collected 137 gold pieces.

Inventory:

Hand Weapons
 a - a +0 shortbow (weapon)
Armour
 c - a +0 leather armour (worn)
 k - a +0 pair of gloves (worn)
Jewellery
 d - a ring of ice
 l - a ring of poison resistance (left hand)
Scrolls
 b - 2 scrolls of immolation
 f - a scroll of poison {unknown}
 g - a scroll of enchant armour {unknown}
 i - a scroll of butterflies {unknown}
 m - a scroll of blinking {unknown}
 o - a scroll of amnesia {unknown}
Potions
 e - a potion of heal wounds {unknown}
 h - a potion of lignification {unknown}
 j - a potion of attraction {unknown}
 n - a potion of mutation {unknown}


   Skills:
 + Level 4.0 Fighting
 + Level 5.3 Ranged Weapons
 - Level 2.1 Dodging
 - Level 0.7 Stealth


You had 2 spell levels left.
You didn't know any spells.
Your spell library contained the following spells:

 Spells                   Type           Power      Damage    Failure   Level
 Summon Guardian Golem    Hex/Summ       0%         N/A       88%         3
 Orb of Destruction       Conj           0%         9d5       100%        7
 Spellforged Servitor     Conj/Summ      0%         N/A       100%        7


Dungeon Overview and Level Annotations

Branches:
Dungeon (3/15)

Altars:


Innate Abilities, Weirdness & Mutations

You have a pair of horns on your head.
You reflexively headbutt those who attack you in melee.


Message History

The white imp closely misses you.
A goblin comes into view. It is wielding a +0 club.
Fire: a) +0 shortbow
Press: ? - help, Q - select action Shift-Dir - straight line, f/p - white imp
Aim: a white imp (heavily wounded, 63% to hit)
You shoot an arrow. The arrow closely misses the white imp.
The white imp lashes its tail.
The white imp hits you but does no damage.
Fire: a) +0 shortbow
Press: ? - help, Q - select action Shift-Dir - straight line, f/p - white imp
Aim: a white imp (heavily wounded, 63% to hit)
You shoot an arrow. The arrow barely misses the white imp.
The white imp closely misses you. The white imp hits you.
The white imp freezes you.
* * * LOW HITPOINT WARNING * * *
The white imp attacks as you move away! The white imp closely misses you.
The goblin closely misses you. The goblin attacks as you move away!
The goblin hits you with a +0 club.
* * * LOW HITPOINT WARNING * * *
Fire: a) +0 shortbow
Press: ? - help, Q - select action Shift-Dir - straight line, f/p - white imp
Aim: a white imp (heavily wounded, 63% to hit)
You shoot an arrow.
The arrow hits the white imp but does no damage.
The white imp is heavily wounded.
The white imp hits you.
* * * LOW HITPOINT WARNING * * *
The white imp freezes you.
* * * LOW HITPOINT WARNING * * *
Unknown command.
Fire: a) +0 shortbow
Press: ? - help, Q - select action Shift-Dir - straight line, f/p - white imp
Aim: a white imp (heavily wounded, 63% to hit)
You shoot an arrow.
The arrow hits the white imp but does no damage.
The white imp is heavily wounded.
The white imp hits you.
* * * LOW HITPOINT WARNING * * *
The white imp freezes you.
You die...

#.......†.........
#.......##.###..#.>
#.......##......#..
##.....###..##....
##...###...##.#..
#####...#....#
......##...###
.....###.#†####
....###..#.@5g#
....##..#####......#
### #..## #........
#.## #./...##. ###
#.....# #.....#
#######


You could see a white imp and a goblin.

Vanquished Creatures
  2 adders (D:2)
  A worm (D:2)
  2 dart slugs (D:2)
  3 orcs
  5 ball pythons
  2 endoplasms
  A giant cockroach (D:3)
  2 goblins (D:2)
  3 hobgoblins
  2 jackals (D:3)
  3 kobolds
  5 frilled lizards
  6 rats
37 creatures vanquished.

Notes
Turn   | Place    | Note
-------+----------+-------------------------------------------
     0 | D:1      | safid the Minotaur Hunter began the quest for the Orb.
     0 | D:1      | Reached XP level 1. HP: 18/18 MP: 0/0
   354 | D:2      | Reached XP level 2. HP: 21/26 MP: 1/1
   674 | D:2      | Reached skill level 5 in Ranged Weapons
   674 | D:2      | Reached XP level 3. HP: 31/31 MP: 2/2
   876 | D:2      | Found a faded altar of an unknown god.
  1533 | D:3      | Slain by a white imp

Illustrated notes

Levels and vault maps discovered:
D:1:      zelgadis_glass_arrival_small, layout_rooms
D:2:      layout_loops_ring, hellmonk_ecumenical_altar_blasted,
          dk_noncrumbling_2
D:3:      layout_rooms

Skill      XL: |  1  2  3 |
---------------+----------+-----
Fighting       | 3 4 |  4.0
Ranged Weapons | 5 |  5.3
Dodging        | |  2.1
Stealth        | |  0.7

Action                   || total
-------------------------++-------
 Fire: Shortbow          ||   116
  Use: Potion            ||     2
Armor: Leather armour    ||    11
Dodge: Dodged            ||    39
